MLB
TORONTO BLUE JAYS @ NEW YORK YANKEES
06/17/2098
 
TOP OF THE 1ST
Toronto Blue Jays batting - Pitching for New York Yankees : RHP Dave Linkous
Pitching: RHP Dave Linkous
Batting: LHB Collin Coleman 0-0: Foul Ball, location: 25F
0-1: Foul Ball, location: 5SF
0-2: Ball
1-2: Strikes out looking
Batting: RHB Greg Whitaker 0-0: Called Strike
0-1: DOUBLE (Line Drive, 89M, EV 96.3 MPH)
Batting: SHB Dennis Desper 0-0: Ball
1-0: Ball
2-0: Fly out, F5 (Popup, 5L, EV 81.9 MPH)
Batting: LHB John Slaff 0-0: Ball
1-0: Foul Ball, location: 2F
1-1: Ball
2-1: Foul Ball, location: 2F
2-2: SINGLE (Line Drive, 9S, EV 97.5 MPH)
Greg Whitaker to third
Runner from 3rd tries for Home, SAFE, throw by RF to home
Batting: LHB Ramon Anguiano 0-0: Foul Ball, location: 2F
0-1: Ball
1-1: Ball
John Slaff steals 2nd, throwing error, E2
John Slaff to third
2-1: Fly out, F9 (Flyball, 89M, EV 84.4 MPH)
Top of the 1st over - 1 run, 2 hits, 1 error, 1 left on base; Toronto 1 - New York 0
BOTTOM OF THE 1ST
New York Yankees batting - Pitching for Toronto Blue Jays : LHP Gary Brooks
Pitching: LHP Gary Brooks
Batting: LHB John Blair 0-0: Foul Ball, location: 2F
0-1: Ground out 2-3 (Groundball, 2L, EV 63.8 MPH)
Batting: RHB Aaron Comeaux 0-0: Called Strike
0-1: Foul Ball, location: 9LDF
0-2: Ground out 5-3 (Groundball, 5, EV 88.1 MPH)
Batting: RHB Brandon Thomas 0-0: Ball
1-0: Ball
2-0: SOLO HOME RUN (Flyball, 8LXD, EV 113.8 MPH), Distance : 451 ft
Pitching: RHP Blake Dickerson
Batting: LHB Bill Hayden 0-0: Foul Ball, location: 5F
0-1: Ball
1-1: Foul Ball, location: 2F
1-2: SOLO HOME RUN (Flyball, 9LD, EV 89.4 MPH), Distance : 330 ft
Batting: SHB Seth Hardenbrook 0-0: Ball
1-0: Ball
2-0: Ground out U3 (Groundball, 13, EV 83.8 MPH)
Bottom of the 1st over - 2 runs, 2 hits, 0 errors, 0 left on base; Toronto 1 - New York 2
TOP OF THE 2ND
Toronto Blue Jays batting - Pitching for New York Yankees : RHP Dave Linkous
Batting: RHB Danny Daugherty 0-0: Swinging Strike
0-1: Called Strike
0-2: Ball
1-2: Ball
2-2: Foul Ball, location: 2F
2-2: Ground out 6-3 (Groundball, 6, EV 83.8 MPH)
Batting: RHB Justin Dupree 0-0: Ball
1-0: Ball
2-0: Foul Ball, location: 9LMF
2-1: Swinging Strike
2-2: Strikes out looking
Batting: SHB Mark Spalding 0-0: Foul Ball, location: 7LDF
0-1: Ball
1-1: Ball
2-1: Swinging Strike
2-2: Foul Ball, location: 2RF
2-2: Ball
3-2: Strikes out swinging
Top of the 2nd over - 0 runs, 0 hits, 0 errors, 0 left on base; Toronto 1 - New York 2
BOTTOM OF THE 2ND
New York Yankees batting - Pitching for Toronto Blue Jays : RHP Blake Dickerson
Batting: LHB Ryan McCullough 0-0: Foul Ball, location: 2F
0-1: Ball
1-1: Foul Ball, location: 7LDF
1-2: Strikes out looking
Pitching: RHP Victor Urueta
Batting: SHB Chris Clark 0-0: Foul Ball, location: 2F
0-1: Ball
1-1: Foul Ball, location: 5F
1-2: Strikes out swinging
Batting: RHB Carlos Jeronimo 0-0: Called Strike
0-1: Ground out 4-3 (Groundball, 4, EV 100.0 MPH)
Bottom of the 2nd over - 0 runs, 0 hits, 0 errors, 0 left on base; Toronto 1 - New York 2
TOP OF THE 3RD
Toronto Blue Jays batting - Pitching for New York Yankees : RHP Dave Linkous
Batting: SHB Alex Carrillo 0-0: Called Strike
0-1: Ball
1-1: SOLO HOME RUN (Flyball, 78XD, EV 106.9 MPH), Distance : 427 ft
Batting: LHB Collin Coleman 0-0: Ball
1-0: Ball
2-0: Ball
3-0: Called Strike
3-1: SINGLE (Groundball, 4S, EV 65.6 MPH) (infield hit)
Batting: RHB Greg Whitaker 0-0: Ball
1-0: Ball
2-0: Called Strike
2-1: Swinging Strike
2-2: Ball
3-2: Fly out, F9 (Line Drive, 9D, EV 98.8 MPH)
Batting: SHB Dennis Desper 0-0: Ball
1-0: Ball
2-0: Ball
3-0: Called Strike
3-1: SINGLE (Line Drive, 3L, EV 96.9 MPH)
Collin Coleman to second
Runner from 2nd tries for 3rd, SAFE, no throw by RF
Batting: LHB John Slaff 0-0: Ball
1-0: Called Strike
1-1: Ball
2-1: Fly out, F8 (Flyball, 8LM, EV 94.4 MPH)
Runner from 3rd tags up, SCORES, throw by CF
Batting: LHB Ramon Anguiano 0-0: Swinging Strike
0-1: Called Strike
0-2: Ball
1-2: Ball
2-2: Foul Ball, location: 7LDF
2-2: Foul Ball, location: 2F
2-2: Ground out 4-3 (Groundball, 34D, EV 101.9 MPH)
Top of the 3rd over - 2 runs, 3 hits, 0 errors, 1 left on base; Toronto 3 - New York 2
BOTTOM OF THE 3RD
New York Yankees batting - Pitching for Toronto Blue Jays : RHP Victor Urueta
Batting: RHB Robby Junker 0-0: Fly out, F7 (Flyball, 7S, EV 91.9 MPH)
Batting: LHB John Blair 0-0: Called Strike
0-1: Ball
1-1: Ball
2-1: Ball
3-1: SINGLE (Line Drive, 4D, EV 98.8 MPH)
Batting: RHB Aaron Comeaux 0-0: Called Strike
0-1: Ball
1-1: Called Strike
1-2: Ball
2-2: Foul Ball, location: 7LSF
2-2: Ball
3-2: Base on Balls
John Blair to second
Batting: RHB Brandon Thomas 0-0: Called Strike
0-1: Swinging Strike
0-2: Strikes out swinging
Batting: LHB Bill Hayden 0-0: Foul Ball, location: 9LMF
0-1: Ball
1-1: Swinging Strike
1-2: Ball
2-2: Foul Ball, location: 2F
2-2: Strikes out swinging
Bottom of the 3rd over - 0 runs, 1 hit, 0 errors, 2 left on base; Toronto 3 - New York 2
TOP OF THE 4TH
Toronto Blue Jays batting - Pitching for New York Yankees : RHP Dave Linkous
Batting: RHB Danny Daugherty 0-0: Ball
1-0: Foul Ball, location: 9LDF
1-1: SINGLE (Groundball, 34D, EV 103.8 MPH)
Batting: RHB Justin Dupree 0-0: Ball
1-0: SINGLE (Line Drive, 78S, EV 90.0 MPH)
Danny Daugherty to second
Runner from 2nd tries for 3rd, SAFE, throw by LF made to third
Batting: SHB Mark Spalding 0-0: Ball
1-0: Swinging Strike
1-1: Ball
2-1: Fly out, F4 (Popup, 4S, EV 68.8 MPH)
Batting: SHB Alex Carrillo 0-0: Ball
1-0: Foul Ball, location: 7LMF
1-1: Ball
2-1: Foul Ball, location: 9LSFF
2-2: Foul Ball, location: 2F
2-2: Ball
3-2: Strikes out swinging
Batting: LHB Collin Coleman 0-0: Swinging Strike
0-1: Ball
1-1: SINGLE (Groundball, 34S, EV 81.9 MPH) (infield hit)
Danny Daugherty scores
Justin Dupree to second
Batting: RHB Greg Whitaker 0-0: Ball
1-0: Foul Ball, location: 2F
1-1: Swinging Strike
1-2: Ball
2-2: Foul Ball, location: 5FF
2-2: Foul Ball, location: 9LDF
2-2: Ball
3-2: SINGLE (Line Drive, 9S, EV 90.0 MPH)
Justin Dupree to third
Collin Coleman to second
Justin Dupree scores
Collin Coleman to third
Pitching: RHP Curt Browning
Batting: SHB Dennis Desper 0-0: Called Strike
0-1: Foul Ball, location: 2F
0-2: Ball
1-2: Foul Ball, location: 7LMF
1-2: Ball
2-2: Foul Ball, location: 25F
2-2: Foul Ball, location: 7LMF
2-2: Foul Ball, location: 2F
2-2: Foul Ball, location: 2RF
2-2: Foul Ball, location: 2F
2-2: DOUBLE (Line Drive, 7LS, EV 94.4 MPH)
Collin Coleman scores
Greg Whitaker to third
Batting: LHB John Slaff 0-0: Called Strike
0-1: Fly out, F9 (Flyball, 89M, EV 76.9 MPH)
Top of the 4th over - 3 runs, 5 hits, 0 errors, 2 left on base; Toronto 6 - New York 2
BOTTOM OF THE 4TH
New York Yankees batting - Pitching for Toronto Blue Jays : RHP Victor Urueta
Pitching: RHP Adrian Korner
Batting: SHB Seth Hardenbrook 0-0: Ball
1-0: Foul Ball, location: 25F
1-1: Called Strike
1-2: Ball
2-2: Strikes out swinging
Batting: LHB Ryan McCullough 0-0: Ball
1-0: Ball
2-0: Swinging Strike
2-1: Foul Ball, location: 5FF
2-2: Strikes out swinging
Batting: SHB Chris Clark 0-0: Ball
1-0: Foul Ball, location: 5SF
1-1: Ground out 5-3 (Groundball, 56, EV 88.8 MPH)
Bottom of the 4th over - 0 runs, 0 hits, 0 errors, 0 left on base; Toronto 6 - New York 2
TOP OF THE 5TH
Toronto Blue Jays batting - Pitching for New York Yankees : RHP Curt Browning
Batting: LHB Ramon Anguiano 0-0: Called Strike
0-1: Foul Ball, location: 7LDF
0-2: Fly out, F8 (Flyball, 8RM, EV 96.9 MPH)
Batting: RHB Danny Daugherty 0-0: Ball
1-0: Called Strike
1-1: Ball
2-1: Ball
3-1: Base on Balls
Batting: RHB Justin Dupree 0-0: Ball
1-0: Fielders Choice at 2nd, 6-4 (Groundball, 6, EV 98.8 MPH)
Batting: SHB Mark Spalding 0-0: Foul Ball, location: 7LDF
0-1: Foul Ball, location: 7LMF
0-2: Foul Ball, location: 9LDF
0-2: Ball
1-2: Ball
2-2: Ground out 4-3 (Groundball, 4, EV 97.5 MPH)
Top of the 5th over - 0 runs, 0 hits, 0 errors, 1 left on base; Toronto 6 - New York 2
BOTTOM OF THE 5TH
New York Yankees batting - Pitching for Toronto Blue Jays : RHP Adrian Korner
Pitching: RHP Bryan Bassett
Batting: RHB Carlos Jeronimo 0-0: Called Strike
0-1: Called Strike
0-2: Fly out, F4 (Line Drive, 4, EV 68.8 MPH)
Batting: RHB Robby Junker 0-0: Called Strike
0-1: Fly out, F4 (Popup, 4D, EV 65.0 MPH)
Batting: LHB John Blair 0-0: Ball
1-0: Called Strike
1-1: DOUBLE (Line Drive, 9LM, EV 110.0 MPH)
Batting: RHB Aaron Comeaux 0-0: Ball
1-0: Foul Ball, location: 7LDF
1-1: Ball
2-1: Ball
3-1: Ground out 1-3 (Groundball, 13, EV 64.4 MPH)
Bottom of the 5th over - 0 runs, 1 hit, 0 errors, 1 left on base; Toronto 6 - New York 2
TOP OF THE 6TH
Toronto Blue Jays batting - Pitching for New York Yankees : RHP Curt Browning
Batting: SHB Alex Carrillo 0-0: Ball
1-0: Foul Ball, location: 2F
1-1: Fly out, F8 (Flyball, 8LD, EV 106.3 MPH)
Batting: LHB Collin Coleman 0-0: SINGLE (Line Drive, 34D, EV 93.8 MPH)
Batting: RHB Greg Whitaker 0-0: Ball
Collin Coleman steals 2nd base
1-0: Foul Ball, location: 2F
1-1: Swinging Strike
1-2: Ball
2-2: Ground out 6-3 (Groundball, 6, EV 65.0 MPH)
Batting: SHB Dennis Desper 0-0: Ball
1-0: Swinging Strike
1-1: Called Strike
1-2: Strikes out swinging
Top of the 6th over - 0 runs, 1 hit, 0 errors, 1 left on base; Toronto 6 - New York 2
BOTTOM OF THE 6TH
New York Yankees batting - Pitching for Toronto Blue Jays : RHP Bryan Bassett
Batting: RHB Brandon Thomas 0-0: Fly out, F8 (Flyball, 89S, EV 97.5 MPH)
Batting: LHB Bill Hayden 0-0: Called Strike
0-1: Ball
1-1: Ball
2-1: Swinging Strike
2-2: Foul Ball, location: 9LDF
2-2: Fly out, F7 (Flyball, 7LS, EV 90.6 MPH)
Batting: SHB Seth Hardenbrook 0-0: Called Strike
0-1: Ball
1-1: Ball
2-1: Ball
3-1: Base on Balls
Batting: LHB Ryan McCullough 0-0: Ball
1-0: Ball
2-0: Fly out, F9 (Flyball, 9LM, EV 101.9 MPH)
Bottom of the 6th over - 0 runs, 0 hits, 0 errors, 1 left on base; Toronto 6 - New York 2
TOP OF THE 7TH
Toronto Blue Jays batting - Pitching for New York Yankees : RHP Curt Browning
Pitching: RHP Jeff Hannold
Batting: LHB John Slaff 0-0: Ball
1-0: Called Strike
1-1: Ball
2-1: Foul Ball, location: 7LDF
2-2: Ball
3-2: Strikes out swinging
Batting: LHB Ramon Anguiano 0-0: Foul Ball, location: 2LF
0-1: Foul Ball, location: 2F
0-2: Foul Ball, location: 2F
0-2: Strikes out swinging
Batting: RHB Danny Daugherty 0-0: Foul Ball, location: 25F
0-1: Fly out, F7 (Flyball, 78D, EV 103.8 MPH)
Top of the 7th over - 0 runs, 0 hits, 0 errors, 0 left on base; Toronto 6 - New York 2
BOTTOM OF THE 7TH
New York Yankees batting - Pitching for Toronto Blue Jays : RHP Bryan Bassett
Pitching: RHP Ivan Juarez
Batting: SHB Chris Clark 0-0: Ball
1-0: Ball
2-0: Foul Ball, location: 9LMF
2-1: Ball
3-1: Base on Balls
Batting: RHB Carlos Jeronimo 0-0: Ball
1-0: Called Strike
1-1: Swinging Strike
1-2: SINGLE (Groundball, 56S, EV 75.6 MPH) (infield hit)
Chris Clark to second
Batting: RHB Robby Junker 0-0: Ball
1-0: Ball
2-0: Ball
3-0: Base on Balls
Chris Clark to third
Carlos Jeronimo to second
Pitching: RHP Wilfredo Moreno
Batting: LHB John Blair 0-0: Ball
1-0: Foul Ball, location: 2F
1-1: Ball
2-1: Grounds into fielders choice 4-2 (Groundball, 4, EV 83.8 MPH)
Carlos Jeronimo to third
Robby Junker to second
Batting: LHB Bobby Brown 0-0: Ball
1-0: Foul Ball, location: 2F
1-1: Grounds into fielders choice 3-2 (Groundball, 34, EV 87.5 MPH)
Robby Junker to third
John Blair to second
Batting: RHB Brandon Thomas 0-0: Ball
1-0: GRAND SLAM HOME RUN (Flyball, 7D, EV 96.3 MPH), Distance : 373 ft
Batting: LHB Bill Hayden 0-0: Ball
1-0: Ball
2-0: Called Strike
2-1: Foul Ball, location: 9LDF
2-2: Ball
3-2: SOLO HOME RUN (Flyball, 9D, EV 92.5 MPH), Distance : 364 ft
Batting: SHB Seth Hardenbrook 0-0: Ball
1-0: Called Strike
1-1: Called Strike
1-2: Ball
2-2: Strikes out swinging
Bottom of the 7th over - 5 runs, 3 hits, 0 errors, 0 left on base; Toronto 6 - New York 7
TOP OF THE 8TH
Toronto Blue Jays batting - Pitching for New York Yankees : RHP Jeff Hannold
Batting: RHB Justin Dupree 0-0: Called Strike
0-1: Swinging Strike
0-2: Ball
1-2: Ground out U3 (Groundball, 3S, EV 82.5 MPH)
Pinch Hitting: LHB Ryan Ricks 0-0: Foul Ball, location: 7LDF
0-1: Called Strike
0-2: Strikes out swinging, 2-3 out at first.
Batting: SHB Alex Carrillo 0-0: SOLO HOME RUN (Flyball, 9D, EV 95.0 MPH), Distance : 378 ft
Pitching: LHP Brandon Moore
Batting: LHB Collin Coleman 0-0: Called Strike
0-1: Ball
1-1: Fly out, F9 (Line Drive, 9, EV 91.3 MPH)
Top of the 8th over - 1 run, 1 hit, 0 errors, 0 left on base; Toronto 7 - New York 7
BOTTOM OF THE 8TH
New York Yankees batting - Pitching for Toronto Blue Jays : RHP Wilfredo Moreno
Now at SS: Brian Jones
Batting: LHB Ryan McCullough 0-0: Ball
1-0: SINGLE (Line Drive, 6MD, EV 96.3 MPH)
Pitching: RHP Adam Lyons
Batting: SHB Chris Clark 0-0: Bunted foul
0-1: Ball
1-1: Sac Bunt to 2R - play at first, batter OUT! 2-3
Ryan McCullough to second
Batting: RHB Carlos Jeronimo 0-0: Ball
1-0: Called Strike
1-1: Foul Ball, location: 9LMF
1-2: Foul Ball, location: 7LMF
1-2: SINGLE (Groundball, 56D, EV 106.9 MPH)
Ryan McCullough to third
Runner from 3rd tries for Home, SAFE, throw by LF to home
Batting: RHB Robby Junker 0-0: Ball
1-0: Swinging Strike
1-1: Called Strike
1-2: Grounds into double play, 5-4-3 (Groundball, 56, EV 95.6 MPH)
Bottom of the 8th over - 1 run, 2 hits, 0 errors, 0 left on base; Toronto 7 - New York 8
TOP OF THE 9TH
Toronto Blue Jays batting - Pitching for New York Yankees : LHP Brandon Moore
Pitching: RHP Jon Barton
Batting: RHB Greg Whitaker 0-0: Ball
1-0: Called Strike
1-1: Foul Ball, location: 3DF
1-2: Ball
2-2: Strikes out swinging
Batting: SHB Dennis Desper 0-0: Ball
1-0: Foul Ball, location: 7LSF
1-1: Ball
2-1: SINGLE (Line Drive, 5D, EV 93.8 MPH)
Batting: LHB John Slaff 0-0: Called Strike
0-1: Fly out, F4 (Line Drive, 34, EV 73.1 MPH)
Batting: LHB Ramon Anguiano 0-0: Ball
1-0: Called Strike
1-1: Ground out 4-3 (Groundball, 4, EV 85.6 MPH)
Top of the 9th over - 0 runs, 1 hit, 0 errors, 1 left on base; Toronto 7 - New York 8
Sunday, April 7th , 2024 - OOTP Baseball 24.11 Build 85